 Dungeon Crawl Stone Soup version 0.24-a0-280-g7cec4da (webtiles) character file.

Game seed: 8297027403703916820

17 CaveCrawler the Vandal (level 2, -6/19 HPs)
             Began as a Halfling Hunter on May 1, 2019.
             Mangled by a worker ant (7 damage)
             ... on level 2 of the Dungeon.
             The game lasted 00:01:47 (790 turns).

CaveCrawler the Vandal (Halfling Hunter)             Turns: 790, Time: 00:01:48

Health: -6/19      AC:  6    Str: 14 (16) XL:     2   Next: 80%
Magic:  2/2        EV: 13    Int:  6 (9)  God:
Gold:   120        SH:  0    Dex: 12 (14) Spells: 1/1 levels left

rFire    . . .     SeeInvis .   b - +0 short sword
rCold    . . .     Gourm    .   (shield restricted)
rNeg     . . .     Faith    .   j - +0 ring mail (curse)
rPois    .         Spirit   .   h - +0 helmet
rElec    .         Reflect  .   (no cloak)
rCorr    .         Harm     .   (no gloves)
MR       .....                  (no boots)
Stlth    +.........             (no amulet)
HPRegen  0.06/turn              k - +3 ring of strength
MPRegen  0.08/turn              (no ring)

@: lethally poisoned (-6 -> -19)
A: small, mutation resistance 1
a: no special abilities


You were on level 2 of the Dungeon.
You were not hungry.

You visited 1 branch of the dungeon, and saw 2 of its levels.

You collected 120 gold pieces.

Inventory:

Hand Weapons
 a - a +1 hunting sling
 b - a +0 short sword (weapon)
Missiles
 d - 20 sling bullets
 e - 36 stones (quivered)
Armour
 h - a +0 helmet (worn)
 j - a cursed +0 ring mail (worn)
Jewellery
 k - a +3 ring of strength (left hand)
Scrolls
 g - 2 scrolls of fear {unknown}
 i - a scroll of remove curse {unknown}
Comestibles
 f - 4 rations


   Skills:
 - Level 1.7 Fighting
 * Level 6.9 Slings
 - Level 2.1 Dodging
 - Level 1.1 Stealth


You had one spell level left.
You didn't know any spells.
Your spell library was empty.

Dungeon Overview and Level Annotations

Branches:
Dungeon (2/15)

Altars:


Innate Abilities, Weirdness & Mutations

You are small and have problems with some larger weapons.
You are somewhat resistant to further mutation.


Message History

You feel sick.
The worker ant bites you but does no damage.
You closely miss the worker ant.
The worker ant is moderately wounded.
* * * LOW HITPOINT WARNING * * *
You feel sick.
The worker ant bites you but does no damage.
You hit the worker ant but do no damage.
The worker ant is moderately wounded.
* * * LOW HITPOINT WARNING * * *
You feel sick. The worker ant misses you. The worker ant barely misses you.
You hit the worker ant but do no damage.
The worker ant is moderately wounded.
* * * LOW HITPOINT WARNING * * *
You feel sick. The worker ant barely misses you.
You closely miss the worker ant.
The worker ant is moderately wounded.
* * * LOW HITPOINT WARNING * * *
You feel sick. The worker ant bites you!
You die...

#.##.#.#
#......####.
#.##.#.# #......#
#<
#.##.#.#####......#
#.
#...)..........####
#. ####.##..###...
#. #.##.## ##.. ..
#.#.# ## ##...#
#...@#######.
........#a.......
.####...##......#
##.## ....... #.#
(...... ... .......
.#.# #####.. .#. .


You could see a worker ant.

Vanquished Creatures
  A leopard gecko (D:1)
  A giant cockroach (D:2)
  3 goblins (D:1)
  3 hobgoblins
  A kobold (D:1)
  2 bats (D:1)
  A frilled lizard (D:1)
  2 rats (D:1)
14 creatures vanquished.

Notes
Turn   | Place    | Note
-------+----------+-------------------------------------------
     0 | D:1      | CaveCrawler the Halfling Hunter began the quest for the
                  | Orb.
     0 | D:1      | Reached XP level 1. HP: 14/14 MP: 1/1
    17 | D:1      | Reached skill level 6 in Slings
   150 | D:1      | Reached XP level 2. HP: 18/19 MP: 2/2
   790 | D:2      | Mangled by a worker ant

Levels and vault maps discovered:
D:1:      wander_arrival_abandoned_jail, layout_basic, minmay_hedge_maze,
          st_stairs_13
D:2:      layout_loops_cross, uniq_terence

Skill      XL: |  1 |
---------------+----+-----
Slings         | 6 |  6.9
Fighting       | |  1.7
Dodging        | |  2.1
Stealth        | |  1.1

Action                   || total
-------------------------++-------
Melee: Short sword       ||    21
 Fire: Hunting sling     ||    31
  Use: Potion            ||     1
Armor: Leather armour    ||     6
       Ring mail         ||     2
Dodge: Dodged            ||    19

Table legend:
 A = Non-vault XP
 B = Vault XP
 C = Vault XP percentage of total XP
 D = Non-vault monster count
 E = Vault monster count
 F = Vault count percentage of total count
                 A         B        C        D         E       F
            +---------+---------+-------+---------+---------+-------
      Total |      24 |       1 |   4.0 |      13 |       1 |   7.1
            +---------+---------+-------+---------+---------+-------
        D:1 |      20 |       1 |   4.8 |      11 |       1 |   8.3
        D:2 |       4 |       0 |   0.0 |       2 |       0 |   0.0
            +---------+---------+-------+---------+---------+-------
